[ AOE2 MATCH · #459577370 ]
UnrankedVietnamese vs Incas
[ REPLAY ANALYSIS · EXTRACTED FROM THE RECORDED GAME ]
Feudal
12:33
Castle
16:04
Imperial
39:19
| APM avg | 47.6 |
| APM peak | 119 |
| eAPM avg | 31.2 |
| Villagers / military | 174 / 176 |
Focus
⚔️ 44.4% · 🌾 55.6%
Militia ×104 · Knight ×29 · Battle Elephant ×23 · Rattan Archer ×16 · Mangonel ×2 · Trebuchet (Packed) ×2
Feudal
10:32
Castle
15:07
Imperial
31:58
| APM avg | 36.0 |
| APM peak | 92 |
| eAPM avg | 28.9 |
| Villagers / military | 65 / 268 |
Focus
⚔️ 58.4% · 🌾 41.6%
Unknown (2550) ×273 · Spearman ×243 · Battering Ram ×20 · Trebuchet (Packed) ×5
Feudal
9:20
Castle
18:32
Imperial
—
| APM avg | 50.0 |
| APM peak | 115 |
| eAPM avg | 31.6 |
| Villagers / military | 197 / 101 |
Focus
⚔️ 40.5% · 🌾 59.5%
Knight ×60 · Serjeant ×41
Feudal
10:31
Castle
24:18
Imperial
—
| APM avg | 33.6 |
| APM peak | 98 |
| eAPM avg | 15.5 |
| Villagers / military | 104 / 44 |
Focus
⚔️ 23.3% · 🌾 76.7%
Monk ×23 · Iron Pagoda ×15 · Militia ×6
Feudal
11:27
Castle
15:37
Imperial
33:15
| APM avg | 54.4 |
| APM peak | 88 |
| eAPM avg | 23.0 |
| Villagers / military | 121 / 45 |
Focus
⚔️ 31.9% · 🌾 68.1%
Hussite Wagon ×27 · Spearman ×6 · Monk ×3 · Bombard Cannon ×3 · Trebuchet (Packed) ×3 · Mangonel ×2
Feudal
10:34
Castle
43:04
Imperial
—
| APM avg | 27.1 |
| APM peak | 71 |
| eAPM avg | 16.2 |
| Villagers / military | 120 / 0 |
Focus
⚔️ 6.7% · 🌾 93.3%
Feudal
11:00
Castle
19:00
Imperial
34:48
| APM avg | 77.2 |
| APM peak | 128 |
| eAPM avg | 41.9 |
| Villagers / military | 260 / 177 |
Focus
⚔️ 36.5% · 🌾 63.5%
Elephant Archer ×121 · Armored Elephant ×29 · Hand Cannoneer ×20 · Archer ×6 · Camel Scout ×1
Feudal
8:55
Castle
22:44
Imperial
32:46
| APM avg | 53.3 |
| APM peak | 87 |
| eAPM avg | 30.0 |
| Villagers / military | 172 / 140 |
Focus
⚔️ 36.0% · 🌾 64.0%
Skirmisher ×80 · Longbowman ×29 · Archer ×14 · Mangonel ×9 · Trebuchet (Packed) ×8
Match map
Initial resources + every placement click. Lines = walls · curves = elevation contours. ◆ gold · ⬟ stone · ● berries · ✦ relic · ◌ wall gap
Your base
kingofarena's base
Shush's base
Me pica la próstata's base
[DAO] Encoded29's base
lichu_pastore's base
Hans the Waller's base
URU | Deo's base
Smoothed initial terrain · ◌ = detected wall gap · hover for details
Inputs per minute
— __Assassin - - kingofarena
Build order — __Assassin
First 150 of 537 actions detected
| 0:02 | Build | House |
| 0:02 | Build | House |
| 0:03 | Create | Villager (Male) |
| 0:03 | Create | Villager (Male) |
| 0:27 | Create | Villager (Male) |
| 0:42 | Create | Villager (Male) |
| 0:42 | Create | Villager (Male) |
| 1:30 | Create | Villager (Male) |
| 1:30 | Create | Villager (Male) |
| 1:50 | Build | Lumber Camp |
| 2:02 | Create | Villager (Male) |
| 2:02 | Create | Villager (Male) |
| 2:20 | Create | Villager (Male) |
| 2:20 | Create | Villager (Male) |
| 2:54 | Create | Villager (Male) |
| 3:24 | Create | Villager (Male) |
| 3:27 | Build | House |
| 3:51 | Create | Villager (Male) |
| 3:51 | Create | Villager (Male) |
| 4:14 | Create | Villager (Male) |
| 4:15 | Build | House |
| 4:34 | Create | Villager (Male) |
| 4:42 | Build | Palisade Wall |
| 4:48 | Build | Building 796 |
| 4:51 | Create | Villager (Male) |
| 4:52 | Create | Villager (Male) |
| 5:21 | Research | Loom |
| 5:21 | Research | Loom |
| 5:34 | Create | Villager (Male) |
| 5:34 | Create | Villager (Male) |
| 5:58 | Create | Villager (Male) |
| 6:10 | Build | Mill |
| 6:12 | Create | Villager (Male) |
| 6:20 | Create | Villager (Male) |
| 6:21 | Create | Villager (Male) |
| 6:27 | Create | Villager (Male) |
| 6:37 | Create | Villager (Male) |
| 6:45 | Build | House |
| 7:00 | Create | Villager (Male) |
| 7:08 | Create | Villager (Male) |
| 7:17 | Create | Villager (Male) |
| 7:23 | Create | Villager (Male) |
| 7:25 | Create | Villager (Male) |
| 7:32 | Create | Villager (Male) |
| 7:38 | Create | Villager (Male) |
| 8:01 | Create | Villager (Male) |
| 8:21 | Create | Villager (Male) |
| 8:25 | Create | Villager (Male) |
| 8:43 | Create | Villager (Male) |
| 8:56 | Create | Villager (Male) |
| 9:04 | Build | Mining Camp |
| 9:27 | Research | Feudal Age |
| 9:34 | Build | Farm |
| 9:54 | Create | Villager (Male) |
| 10:00 | Build | Farm |
| 10:04 | Research | Feudal Age |
| 10:24 | Build | Building 796 |
| 10:26 | Build | Farm |
| 10:37 | Build | House |
| 10:39 | Build | Palisade Wall |
| 12:07 | Create | Villager (Male) |
| 12:27 | Create | Villager (Male) |
| 12:33 | Age | Feudal Age |
| 12:35 | Build | Market |
| 12:40 | Build | Blacksmith |
| 13:04 | Create | Villager (Male) |
| 13:23 | Build | Building 490 |
| 13:24 | Research | Castle Age |
| 13:30 | Build | Stone Wall |
| 13:40 | Research | Double-Bit Axe |
| 13:43 | Research | Gold Mining |
| 14:40 | Build | Mining Camp |
| 14:55 | Build | Barracks |
| 15:02 | Create | Villager (Male) |
| 15:26 | Research | Fletching |
| 15:54 | Build | Archery Range |
| 16:04 | Age | Castle Age |
| 16:08 | Build | Town Center |
| 16:13 | Create | Villager (Male) |
| 16:32 | Build | Farm |
| 16:35 | Create | Villager (Male) |
| 16:48 | Create | Villager (Male) |
| 16:50 | Build | Farm |
| 16:58 | Build | Farm |
| 17:04 | Build | Farm |
| 17:05 | Build | Farm |
| 17:07 | Create | Villager (Male) |
| 17:21 | Build | Farm |
| 17:32 | Create | Villager (Male) |
| 17:32 | Create | Villager (Male) |
| 17:53 | Build | Farm |
| 17:56 | Create | Villager (Male) |
| 18:03 | Research | Stone Mining |
| 18:04 | Research | Stone Mining |
| 18:15 | Create | Villager (Male) |
| 18:17 | Build | Farm |
| 18:29 | Build | Farm |
| 18:31 | Build | Farm |
| 18:35 | Create | Villager (Male) |
| 18:41 | Build | House |
| 18:42 | Build | House |
| 18:45 | Create | Villager (Male) |
| 18:47 | Build | Farm |
| 18:59 | Build | House |
| 19:03 | Create | Villager (Male) |
| 19:04 | Create | Villager (Male) |
| 19:11 | Create | Villager (Male) |
| 19:12 | Create | Villager (Male) |
| 19:15 | Build | Farm |
| 19:17 | Build | Farm |
| 19:22 | Build | Farm |
| 19:28 | Create | Villager (Male) |
| 20:00 | Build | Stable |
| 20:02 | Create | Villager (Male) |
| 20:04 | Create | Villager (Male) |
| 20:08 | Create | Villager (Male) |
| 20:20 | Build | Farm |
| 20:22 | Create | Villager (Male) |
| 20:34 | Create | Villager (Male) |
| 20:36 | Create | Knight |
| 20:36 | Create | Knight |
| 20:36 | Create | Knight |
| 20:49 | Create | Villager (Male) |
| 20:58 | Research | Bloodlines |
| 20:58 | Research | Bloodlines |
| 21:08 | Build | Farm |
| 21:23 | Research | Forging |
| 21:24 | Research | Forging |
| 21:26 | Build | Farm |
| 21:27 | Build | Farm |
| 21:30 | Build | Farm |
| 21:34 | Build | Farm |
| 21:37 | Build | House |
| 21:37 | Build | House |
| 21:50 | Create | Knight |
| 21:50 | Create | Knight |
| 22:06 | Create | Villager (Male) |
| 22:07 | Create | Villager (Male) |
| 22:32 | Create | Villager (Male) |
| 22:34 | Create | Villager (Male) |
| 22:45 | Build | Castle |
| 22:50 | Create | Villager (Male) |
| 22:51 | Create | Villager (Male) |
| 22:56 | Create | Knight |
| 22:56 | Create | Knight |
| 23:00 | Build | House |
| 23:01 | Build | House |
| 23:01 | Build | House |
| 23:01 | Build | House |
| 23:02 | Build | House |
Build order — kingofarena
First 150 of 449 actions detected
| 0:00 | Create | Villager (Male) |
| 0:01 | Create | Villager (Male) |
| 0:02 | Build | House |
| 0:03 | Build | House |
| 0:18 | Create | Villager (Male) |
| 0:18 | Create | Villager (Male) |
| 0:19 | Create | Villager (Male) |
| 1:15 | Create | Villager (Male) |
| 1:15 | Create | Villager (Male) |
| 1:52 | Create | Villager (Male) |
| 2:18 | Create | Villager (Male) |
| 2:32 | Create | Villager (Male) |
| 2:52 | Build | Settlement |
| 3:12 | Create | Villager (Male) |
| 3:30 | Create | Villager (Male) |
| 3:52 | Research | Loom |
| 4:09 | Create | Villager (Male) |
| 4:14 | Build | Palisade Wall |
| 4:17 | Create | Villager (Male) |
| 4:39 | Create | Villager (Male) |
| 5:08 | Create | Villager (Male) |
| 5:19 | Create | Villager (Male) |
| 5:28 | Create | Villager (Male) |
| 5:52 | Create | Villager (Male) |
| 6:14 | Build | Settlement |
| 6:20 | Build | Palisade Wall |
| 6:37 | Create | Villager (Male) |
| 7:35 | Create | Villager (Male) |
| 7:51 | Create | Villager (Male) |
| 8:16 | Build | Settlement |
| 8:22 | Research | Feudal Age |
| 8:53 | Build | Palisade Gate |
| 10:20 | Create | Villager (Male) |
| 10:20 | Create | Villager (Male) |
| 10:32 | Age | Feudal Age |
| 10:34 | Build | House |
| 10:39 | Build | Market |
| 11:13 | Build | Watch Tower |
| 11:17 | Create | Villager (Male) |
| 11:35 | Build | House |
| 11:45 | Create | Villager (Male) |
| 11:56 | Create | Villager (Male) |
| 12:09 | Build | Blacksmith |
| 12:27 | Research | Castle Age |
| 12:27 | Research | Castle Age |
| 12:43 | Research | Double-Bit Axe |
| 13:07 | Create | Villager (Male) |
| 13:17 | Research | Horse Collar |
| 13:46 | Build | Barracks |
| 13:51 | Build | Barracks |
| 13:54 | Build | Farm |
| 14:00 | Create | Villager (Male) |
| 14:38 | Build | Farm |
| 14:41 | Research | Tech 1402 |
| 14:44 | Build | Farm |
| 14:45 | Build | Farm |
| 14:52 | Research | Scale Mail Armor |
| 14:53 | Research | Forging |
| 15:07 | Age | Castle Age |
| 15:12 | Build | Siege Workshop |
| 15:14 | Build | Barracks |
| 15:16 | Create | Villager (Male) |
| 15:32 | Create | Unit 2550 |
| 15:32 | Create | Unit 2550 |
| 15:38 | Research | Tech 1351 |
| 15:45 | Research | Forging |
| 15:46 | Research | Forging |
| 16:00 | Create | Villager (Male) |
| 16:07 | Create | Unit 2550 |
| 16:14 | Create | Battering Ram |
| 16:15 | Create | Battering Ram |
| 16:26 | Create | Unit 2550 |
| 16:26 | Create | Unit 2550 |
| 16:43 | Build | Farm |
| 16:46 | Build | Farm |
| 16:50 | Build | Farm |
| 16:52 | Create | Unit 2550 |
| 16:52 | Create | Unit 2550 |
| 16:58 | Create | Unit 2550 |
| 16:59 | Create | Unit 2550 |
| 17:08 | Create | Battering Ram |
| 17:10 | Create | Unit 2550 |
| 17:10 | Create | Unit 2550 |
| 17:33 | Create | Unit 2550 |
| 17:33 | Create | Unit 2550 |
| 17:34 | Create | Battering Ram |
| 17:34 | Create | Battering Ram |
| 17:35 | Create | Villager (Male) |
| 17:36 | Create | Villager (Male) |
| 17:59 | Create | Unit 2550 |
| 17:59 | Create | Unit 2550 |
| 18:01 | Create | Villager (Male) |
| 18:04 | Build | Farm |
| 18:33 | Build | Siege Workshop |
| 18:34 | Create | Villager (Male) |
| 18:50 | Create | Unit 2550 |
| 18:51 | Create | Unit 2550 |
| 18:51 | Create | Unit 2550 |
| 19:11 | Research | Chain Mail Armor |
| 19:12 | Research | Chain Mail Armor |
| 19:25 | Create | Battering Ram |
| 19:28 | Build | Barracks |
| 19:39 | Create | Villager (Male) |
| 19:39 | Create | Villager (Male) |
| 19:41 | Create | Unit 2550 |
| 19:42 | Create | Unit 2550 |
| 20:02 | Create | Battering Ram |
| 20:26 | Create | Villager (Male) |
| 20:29 | Build | Farm |
| 20:29 | Build | Farm |
| 20:29 | Build | Farm |
| 20:30 | Build | Farm |
| 20:30 | Build | Farm |
| 20:30 | Build | Farm |
| 20:37 | Build | Settlement |
| 20:39 | Create | Villager (Male) |
| 20:51 | Research | Iron Casting |
| 20:51 | Research | Iron Casting |
| 20:51 | Research | Iron Casting |
| 20:54 | Create | Unit 2550 |
| 20:54 | Create | Unit 2550 |
| 20:55 | Create | Unit 2550 |
| 21:00 | Create | Unit 2550 |
| 21:00 | Create | Unit 2550 |
| 21:01 | Create | Unit 2550 |
| 21:41 | Create | Unit 2550 |
| 22:00 | Create | Unit 2550 |
| 22:21 | Create | Battering Ram |
| 22:22 | Create | Battering Ram |
| 22:22 | Create | Battering Ram |
| 22:49 | Build | Barracks |
| 23:12 | Create | Unit 2550 |
| 23:14 | Create | Villager (Male) |
| 23:15 | Create | Villager (Male) |
| 23:17 | Build | Farm |
| 23:17 | Build | Farm |
| 23:17 | Build | Farm |
| 23:18 | Build | Farm |
| 23:18 | Build | Farm |
| 23:33 | Create | Unit 2550 |
| 23:33 | Create | Unit 2550 |
| 23:33 | Create | Unit 2550 |
| 23:34 | Create | Battering Ram |
| 23:37 | Build | Barracks |
| 23:45 | Create | Unit 2550 |
| 23:47 | Create | Villager (Male) |
| 23:55 | Create | Unit 2550 |
| 23:59 | Research | Squires |
| 23:59 | Research | Arson |
| 24:01 | Create | Unit 2550 |
Build order — Shush
First 150 of 483 actions detected
| 0:01 | Create | Villager (Male) |
| 0:02 | Create | Villager (Male) |
| 0:02 | Create | Villager (Male) |
| 0:02 | Build | House |
| 0:04 | Build | House |
| 0:07 | Create | Villager (Male) |
| 0:07 | Create | Villager (Male) |
| 1:31 | Create | Villager (Male) |
| 1:31 | Create | Villager (Male) |
| 1:31 | Create | Villager (Male) |
| 1:48 | Build | Lumber Camp |
| 2:01 | Create | Villager (Male) |
| 2:02 | Create | Villager (Male) |
| 2:35 | Create | Villager (Male) |
| 2:35 | Create | Villager (Male) |
| 2:35 | Create | Villager (Male) |
| 2:59 | Create | Villager (Male) |
| 3:00 | Create | Villager (Male) |
| 3:22 | Create | Villager (Male) |
| 3:22 | Create | Villager (Male) |
| 3:22 | Create | Villager (Male) |
| 3:33 | Create | Villager (Male) |
| 3:33 | Create | Villager (Male) |
| 3:55 | Build | House |
| 4:15 | Create | Villager (Male) |
| 4:15 | Create | Villager (Male) |
| 4:16 | Create | Villager (Male) |
| 4:31 | Create | Villager (Male) |
| 4:31 | Create | Villager (Male) |
| 5:30 | Create | Villager (Male) |
| 5:30 | Create | Villager (Male) |
| 5:31 | Create | Villager (Male) |
| 5:31 | Create | Villager (Male) |
| 5:45 | Create | Villager (Male) |
| 5:59 | Build | Mill |
| 6:39 | Research | Loom |
| 6:40 | Research | Loom |
| 6:56 | Build | Donjon |
| 7:03 | Research | Feudal Age |
| 7:03 | Research | Feudal Age |
| 8:18 | Build | House |
| 8:19 | Build | House |
| 8:21 | Build | Palisade Wall |
| 8:51 | Build | Mining Camp |
| 8:56 | Create | Villager (Male) |
| 8:56 | Create | Villager (Male) |
| 8:56 | Create | Villager (Male) |
| 9:00 | Build | Mining Camp |
| 9:20 | Age | Feudal Age |
| 9:27 | Create | Serjeant |
| 9:27 | Create | Serjeant |
| 9:28 | Create | Serjeant |
| 9:31 | Research | Double-Bit Axe |
| 9:31 | Research | Double-Bit Axe |
| 9:37 | Build | Palisade Wall |
| 9:49 | Create | Serjeant |
| 9:50 | Create | Serjeant |
| 9:51 | Create | Villager (Male) |
| 10:24 | Create | Villager (Male) |
| 10:37 | Research | Horse Collar |
| 10:37 | Research | Horse Collar |
| 10:58 | Build | Donjon |
| 11:03 | Create | Serjeant |
| 11:07 | Create | Villager (Male) |
| 11:18 | Create | Villager (Male) |
| 11:22 | Build | Farm |
| 11:26 | Create | Villager (Male) |
| 11:28 | Build | Farm |
| 11:32 | Build | House |
| 11:56 | Create | Villager (Male) |
| 11:58 | Build | Farm |
| 11:58 | Create | Villager (Male) |
| 12:07 | Build | Farm |
| 12:12 | Build | Farm |
| 12:24 | Build | Farm |
| 12:30 | Build | House |
| 12:56 | Create | Villager (Male) |
| 12:59 | Build | Farm |
| 13:01 | Build | Farm |
| 13:02 | Create | Villager (Male) |
| 13:47 | Create | Villager (Male) |
| 13:52 | Build | Farm |
| 13:57 | Build | Farm |
| 13:59 | Create | Villager (Male) |
| 14:27 | Build | Market |
| 15:08 | Build | Blacksmith |
| 15:24 | Create | Villager (Male) |
| 15:52 | Research | Castle Age |
| 15:52 | Research | Castle Age |
| 15:52 | Research | Castle Age |
| 16:16 | Research | Scale Mail Armor |
| 16:16 | Research | Scale Mail Armor |
| 16:16 | Research | Scale Mail Armor |
| 16:20 | Build | Barracks |
| 16:42 | Create | Serjeant |
| 16:42 | Create | Serjeant |
| 16:54 | Create | Serjeant |
| 16:57 | Research | Gold Mining |
| 16:58 | Research | Gold Mining |
| 16:58 | Research | Gold Mining |
| 16:59 | Create | Villager (Male) |
| 17:02 | Build | House |
| 17:11 | Build | Farm |
| 17:14 | Build | Farm |
| 17:16 | Build | Farm |
| 17:17 | Create | Serjeant |
| 17:18 | Create | Serjeant |
| 17:18 | Create | Serjeant |
| 17:29 | Create | Serjeant |
| 17:29 | Create | Serjeant |
| 17:29 | Create | Serjeant |
| 17:45 | Research | Arson |
| 17:45 | Research | Arson |
| 17:46 | Create | Serjeant |
| 17:46 | Create | Serjeant |
| 17:47 | Create | Serjeant |
| 18:01 | Create | Serjeant |
| 18:01 | Create | Serjeant |
| 18:15 | Create | Villager (Male) |
| 18:21 | Create | Serjeant |
| 18:26 | Build | House |
| 18:28 | Build | House |
| 18:32 | Age | Castle Age |
| 18:49 | Research | Chain Mail Armor |
| 18:49 | Research | Chain Mail Armor |
| 18:49 | Research | Chain Mail Armor |
| 19:10 | Create | Serjeant |
| 19:11 | Create | Serjeant |
| 19:17 | Build | Donjon |
| 19:54 | Create | Villager (Male) |
| 19:55 | Create | Villager (Male) |
| 19:55 | Create | Villager (Male) |
| 20:08 | Create | Serjeant |
| 20:08 | Create | Serjeant |
| 20:09 | Create | Serjeant |
| 20:17 | Build | Donjon |
| 20:34 | Build | House |
| 20:37 | Build | House |
| 20:38 | Build | House |
| 20:43 | Build | Building 487 |
| 20:46 | Build | Stone Wall |
| 20:47 | Create | Serjeant |
| 20:47 | Create | Serjeant |
| 20:47 | Create | Serjeant |
| 20:52 | Build | House |
| 20:53 | Build | House |
| 21:36 | Create | Serjeant |
| 21:37 | Create | Serjeant |
| 21:37 | Create | Serjeant |
| 21:37 | Create | Serjeant |
Build order — Me pica la próstata
First 150 of 272 actions detected
| 0:01 | Create | Villager (Male) ×4 |
| 0:03 | Build | House |
| 0:04 | Build | House |
| 1:28 | Create | Villager (Male) |
| 1:47 | Build | Lumber Camp |
| 1:59 | Create | Villager (Male) |
| 2:11 | Create | Villager (Male) |
| 2:49 | Create | Villager (Male) |
| 3:18 | Create | Villager (Male) |
| 3:18 | Create | Villager (Male) |
| 3:25 | Build | House |
| 4:24 | Create | Villager (Male) |
| 4:26 | Create | Villager (Male) |
| 4:38 | Build | Barracks |
| 5:10 | Create | Villager (Male) |
| 5:34 | Build | House |
| 5:47 | Create | Militia |
| 5:47 | Create | Militia |
| 5:50 | Create | Villager (Male) |
| 5:50 | Create | Villager (Male) |
| 6:33 | Create | Villager (Male) |
| 6:59 | Create | Villager (Male) |
| 7:01 | Research | Loom |
| 8:11 | Build | Outpost |
| 8:16 | Build | Mill |
| 8:21 | Research | Feudal Age |
| 9:14 | Build | Mining Camp |
| 10:18 | Create | Militia |
| 10:19 | Create | Villager (Male) |
| 10:24 | Build | House |
| 10:25 | Build | House |
| 10:31 | Age | Feudal Age |
| 10:35 | Research | Man-at-Arms (upgrade) |
| 11:04 | Create | Militia |
| 11:06 | Create | Villager (Male) |
| 11:13 | Research | Double-Bit Axe |
| 11:14 | Research | Horse Collar |
| 11:16 | Research | Gold Mining |
| 11:24 | Create | Militia |
| 11:42 | Build | Watch Tower |
| 11:46 | Create | Militia |
| 11:46 | Create | Villager (Male) |
| 12:13 | Build | Farm |
| 12:13 | Build | Farm |
| 12:13 | Build | Farm |
| 12:15 | Create | Villager (Male) |
| 12:37 | Build | Stone Wall |
| 12:42 | Build | Stone Wall |
| 12:50 | Build | Stone Wall |
| 13:20 | Build | Building 487 |
| 13:24 | Build | Stone Wall |
| 13:26 | Build | Stone Wall |
| 13:26 | Build | Stone Wall |
| 13:34 | Build | Farm |
| 13:34 | Build | Farm |
| 13:34 | Build | Farm |
| 13:34 | Build | Farm |
| 13:34 | Build | Farm |
| 13:35 | Build | Farm |
| 13:40 | Create | Villager (Male) |
| 13:40 | Create | Villager (Male) |
| 14:01 | Build | Stone Wall |
| 14:16 | Create | Villager (Male) |
| 14:23 | Research | Arson |
| 15:24 | Create | Villager (Male) |
| 15:24 | Create | Villager (Male) |
| 15:36 | Build | Mining Camp |
| 15:46 | Create | Villager (Male) |
| 15:47 | Create | Villager (Male) |
| 15:50 | Build | House |
| 15:51 | Build | House |
| 15:51 | Build | House |
| 15:52 | Build | House |
| 15:52 | Build | House |
| 16:20 | Create | Villager (Male) |
| 16:37 | Build | Stone Wall |
| 16:41 | Create | Villager (Male) |
| 16:42 | Create | Villager (Male) |
| 17:09 | Build | Blacksmith |
| 17:19 | Build | House |
| 17:22 | Build | Market |
| 17:36 | Create | Villager (Male) |
| 17:36 | Create | Villager (Male) |
| 17:39 | Build | House |
| 18:06 | Build | Farm |
| 18:06 | Build | Farm |
| 18:06 | Build | Farm |
| 18:06 | Build | Farm |
| 18:06 | Build | Farm |
| 18:07 | Build | Farm |
| 18:29 | Create | Villager (Male) |
| 18:33 | Build | Farm |
| 18:33 | Build | Farm |
| 18:34 | Build | Farm |
| 18:34 | Build | Farm |
| 18:34 | Build | Farm |
| 19:03 | Create | Villager (Male) |
| 19:10 | Build | Lumber Camp |
| 19:43 | Build | Farm |
| 20:18 | Create | Villager (Male) |
| 20:19 | Create | Villager (Male) |
| 20:31 | Build | Lumber Camp |
| 20:57 | Build | Mining Camp |
| 21:13 | Create | Villager (Male) |
| 21:36 | Research | Castle Age |
| 21:36 | Research | Castle Age |
| 21:45 | Create | Villager (Male) |
| 22:49 | Build | Stone Wall |
| 22:59 | Build | Stone Wall |
| 23:13 | Build | Building 673 |
| 23:25 | Research | Stone Mining |
| 23:40 | Build | Stable |
| 24:05 | Build | Stone Wall |
| 24:18 | Age | Castle Age |
| 24:20 | Build | Siege Workshop |
| 24:28 | Build | Stone Wall |
| 24:36 | Create | Villager (Male) |
| 24:45 | Build | Monastery |
| 25:01 | Build | Farm |
| 25:01 | Build | Farm |
| 25:03 | Create | Iron Pagoda |
| 25:03 | Create | Iron Pagoda |
| 25:21 | Create | Monk |
| 25:22 | Create | Monk |
| 26:23 | Create | Monk |
| 26:43 | Create | Iron Pagoda |
| 26:44 | Create | Iron Pagoda |
| 27:51 | Build | Stone Wall |
| 28:25 | Build | Town Center |
| 29:04 | Build | Farm |
| 29:04 | Build | Farm |
| 29:04 | Build | Farm |
| 29:05 | Build | Farm |
| 29:05 | Build | Farm |
| 29:05 | Build | Farm |
| 29:11 | Create | Villager (Male) |
| 29:11 | Create | Villager (Male) |
| 29:11 | Create | Villager (Male) |
| 30:12 | Build | Mill |
| 30:47 | Create | Villager (Male) |
| 30:47 | Create | Villager (Male) |
| 30:53 | Build | Town Center |
| 31:18 | Build | Town Center |
| 31:27 | Create | Villager (Male) |
| 31:27 | Create | Villager (Male) |
| 31:34 | Build | Farm |
| 31:48 | Build | Mining Camp |
| 32:12 | Create | Villager (Male) |
| 32:12 | Create | Villager (Male) |
| 32:13 | Create | Villager (Male) |
Build order — [DAO] Encoded29
First 150 of 312 actions detected
| 0:01 | Create | Villager (Male) |
| 0:02 | Create | Villager (Male) |
| 0:02 | Build | House |
| 0:04 | Build | House |
| 0:41 | Create | Villager (Male) |
| 0:58 | Create | Villager (Male) |
| 0:58 | Create | Villager (Male) |
| 1:26 | Create | Villager (Male) |
| 1:26 | Create | Villager (Male) |
| 2:00 | Build | Lumber Camp |
| 2:01 | Create | Villager (Male) |
| 2:01 | Create | Villager (Male) |
| 2:31 | Create | Villager (Male) |
| 2:50 | Create | Villager (Male) |
| 3:14 | Create | Villager (Male) |
| 3:45 | Build | House |
| 3:47 | Create | Villager (Male) |
| 4:05 | Create | Villager (Male) |
| 4:28 | Build | Mill |
| 4:40 | Create | Villager (Male) |
| 4:59 | Create | Villager (Male) |
| 5:31 | Create | Villager (Male) |
| 5:42 | Build | House |
| 5:51 | Create | Villager (Male) |
| 6:05 | Create | Villager (Male) |
| 6:36 | Create | Villager (Male) |
| 7:10 | Create | Villager (Male) |
| 7:20 | Build | Farm |
| 7:32 | Create | Villager (Male) |
| 7:51 | Build | Palisade Wall |
| 7:58 | Create | Villager (Male) |
| 8:03 | Build | House |
| 8:27 | Create | Villager (Male) |
| 8:32 | Research | Loom |
| 8:33 | Research | Feudal Age |
| 8:49 | Build | House |
| 9:01 | Build | Mining Camp |
| 9:14 | Build | Farm |
| 9:25 | Build | Building 800 |
| 9:28 | Build | House |
| 10:31 | Build | Palisade Wall |
| 10:31 | Build | Palisade Wall |
| 11:27 | Age | Feudal Age |
| 11:31 | Create | Villager (Male) |
| 11:57 | Create | Villager (Male) |
| 12:02 | Build | Market |
| 12:05 | Build | Blacksmith |
| 12:28 | Create | Villager (Male) |
| 12:41 | Build | Watch Tower |
| 12:57 | Research | Castle Age |
| 13:03 | Research | Double-Bit Axe |
| 13:57 | Research | Horse Collar |
| 14:19 | Build | Watch Tower |
| 14:29 | Build | Watch Tower |
| 14:50 | Build | Building 796 |
| 14:57 | Build | Palisade Wall |
| 14:59 | Build | Palisade Wall |
| 15:07 | Build | Palisade Wall |
| 15:17 | Build | Palisade Wall |
| 15:18 | Create | Villager (Male) |
| 15:26 | Build | Watch Tower |
| 15:37 | Age | Castle Age |
| 15:48 | Create | Villager (Male) |
| 16:04 | Create | Villager (Male) |
| 16:11 | Build | Building 804 |
| 16:22 | Build | Building 796 |
| 16:34 | Build | Siege Workshop |
| 16:41 | Build | Building 796 |
| 16:42 | Create | Villager (Male) |
| 17:11 | Create | Mangonel |
| 17:19 | Create | Villager (Male) |
| 17:40 | Build | Town Center |
| 17:49 | Build | Town Center |
| 17:50 | Create | Villager (Male) |
| 18:12 | Build | Town Center |
| 18:12 | Create | Villager (Male) |
| 18:29 | Create | Villager (Male) |
| 18:41 | Create | Villager (Male) |
| 18:58 | Build | Lumber Camp |
| 19:05 | Create | Villager (Male) |
| 19:10 | Create | Villager (Male) |
| 19:20 | Build | Farm |
| 19:22 | Create | Villager (Male) |
| 19:37 | Create | Villager (Male) |
| 19:38 | Create | Villager (Male) |
| 20:30 | Build | Farm |
| 20:30 | Build | Farm |
| 20:30 | Build | Farm |
| 20:30 | Build | Farm |
| 20:31 | Build | Farm |
| 20:39 | Research | Heavy Plow |
| 20:59 | Create | Villager (Male) |
| 20:59 | Create | Villager (Male) |
| 21:31 | Create | Villager (Male) |
| 21:32 | Create | Villager (Male) |
| 21:38 | Build | Farm |
| 21:40 | Build | Farm |
| 21:45 | Build | Farm |
| 21:46 | Create | Villager (Male) |
| 22:03 | Build | Farm |
| 22:09 | Build | House |
| 22:09 | Build | House |
| 22:17 | Build | Town Center |
| 22:33 | Create | Villager (Male) |
| 22:33 | Create | Villager (Male) |
| 22:45 | Build | Farm |
| 22:51 | Build | House |
| 23:13 | Create | Villager (Male) |
| 23:13 | Create | Villager (Male) |
| 23:23 | Research | Bow Saw |
| 23:23 | Research | Bow Saw |
| 23:28 | Build | Building 796 |
| 23:40 | Create | Villager (Male) |
| 23:59 | Create | Villager (Male) |
| 24:22 | Create | Villager (Male) |
| 24:23 | Create | Villager (Male) |
| 24:32 | Create | Villager (Male) |
| 24:33 | Create | Villager (Male) |
| 24:37 | Build | Farm |
| 24:37 | Build | Farm |
| 24:38 | Build | Farm |
| 24:38 | Build | Farm |
| 24:39 | Build | Farm |
| 24:51 | Create | Villager (Male) |
| 24:51 | Create | Villager (Male) |
| 24:55 | Build | Farm |
| 24:55 | Build | Farm |
| 24:55 | Build | Farm |
| 24:55 | Build | Farm |
| 25:10 | Create | Villager (Male) |
| 25:11 | Create | Villager (Male) |
| 25:29 | Create | Villager (Male) |
| 25:35 | Build | Farm |
| 25:35 | Build | Farm |
| 25:35 | Build | Farm |
| 25:36 | Build | Farm |
| 25:40 | Create | Villager (Male) |
| 25:49 | Create | Villager (Male) |
| 25:49 | Create | Villager (Male) |
| 26:06 | Create | Villager (Male) |
| 26:21 | Create | Villager (Male) |
| 26:21 | Create | Villager (Male) |
| 26:26 | Create | Villager (Male) |
| 26:26 | Create | Villager (Male) |
| 26:29 | Build | Farm |
| 26:38 | Build | Farm |
| 26:40 | Build | Farm |
| 26:42 | Build | Farm |
| 26:44 | Create | Villager (Male) |
| 26:44 | Create | Villager (Male) |
Build order — lichu_pastore
First 150 of 285 actions detected
| 0:01 | Create | Villager (Male) |
| 0:01 | Create | Villager (Male) |
| 0:02 | Build | House |
| 0:05 | Build | House |
| 0:27 | Create | Villager (Male) ×2 |
| 0:27 | Create | Villager (Male) ×2 |
| 0:27 | Create | Villager (Male) ×2 |
| 1:20 | Create | Villager (Male) |
| 1:20 | Create | Villager (Male) |
| 1:21 | Create | Villager (Male) |
| 1:54 | Build | Lumber Camp |
| 2:04 | Create | Villager (Male) ×2 |
| 2:05 | Create | Villager (Male) ×2 |
| 2:05 | Create | Villager (Male) ×2 |
| 2:30 | Create | Villager (Male) |
| 2:30 | Create | Villager (Male) |
| 3:10 | Create | Villager (Male) |
| 3:10 | Create | Villager (Male) |
| 3:30 | Create | Villager (Male) |
| 3:30 | Create | Villager (Male) |
| 3:31 | Create | Villager (Male) |
| 4:03 | Build | House |
| 4:14 | Create | Villager (Male) ×2 |
| 4:14 | Create | Villager (Male) ×2 |
| 4:28 | Build | House |
| 4:49 | Create | Villager (Male) |
| 4:49 | Create | Villager (Male) |
| 5:07 | Build | House |
| 5:13 | Build | Mill |
| 5:46 | Create | Villager (Male) ×4 |
| 5:46 | Create | Villager (Male) ×4 |
| 6:02 | Build | Palisade Wall |
| 6:44 | Research | Double-Bit Axe |
| 6:54 | Build | Mining Camp |
| 7:20 | Create | Villager (Male) |
| 7:37 | Research | Loom |
| 8:19 | Research | Feudal Age |
| 9:08 | Research | Horse Collar |
| 9:12 | Research | Gold Mining |
| 9:22 | Create | Villager (Male) |
| 9:23 | Create | Villager (Male) |
| 10:34 | Age | Feudal Age |
| 10:42 | Build | Market |
| 11:10 | Create | Villager (Male) |
| 11:10 | Create | Villager (Male) |
| 11:20 | Build | Blacksmith |
| 11:37 | Build | Stone Wall |
| 11:51 | Build | Stone Wall |
| 12:19 | Build | Stone Wall |
| 12:32 | Create | Villager (Male) |
| 12:32 | Create | Villager (Male) |
| 12:32 | Create | Villager (Male) |
| 12:41 | Build | Mining Camp |
| 13:08 | Build | Stone Wall |
| 13:11 | Build | Stone Wall |
| 13:15 | Create | Villager (Male) |
| 13:23 | Build | Farm |
| 13:23 | Build | Farm |
| 13:23 | Build | Farm |
| 13:23 | Build | Farm |
| 13:24 | Build | Farm |
| 13:42 | Build | Stone Wall |
| 13:55 | Build | Watch Tower |
| 14:02 | Research | Wheelbarrow |
| 14:36 | Build | Stone Wall |
| 14:39 | Build | Stone Wall |
| 14:40 | Build | Stone Wall |
| 14:41 | Build | Stone Wall |
| 14:43 | Create | Villager (Male) |
| 14:44 | Create | Villager (Male) |
| 15:46 | Build | Farm |
| 15:47 | Build | Farm |
| 15:47 | Build | Farm |
| 15:47 | Build | Farm |
| 15:48 | Build | Farm |
| 16:05 | Create | Villager (Male) |
| 16:27 | Build | House |
| 16:28 | Build | House |
| 16:28 | Build | House |
| 16:28 | Build | House |
| 16:36 | Build | House |
| 16:38 | Build | House |
| 16:39 | Build | House |
| 16:46 | Create | Villager (Male) |
| 16:46 | Create | Villager (Male) |
| 17:06 | Build | Farm |
| 17:07 | Build | Farm |
| 17:08 | Build | Farm |
| 17:11 | Build | Farm |
| 17:11 | Build | Farm |
| 17:11 | Build | Farm |
| 17:12 | Build | Farm |
| 17:12 | Build | Farm |
| 17:12 | Build | Farm |
| 17:12 | Build | Farm |
| 17:13 | Build | Farm |
| 17:13 | Build | Farm |
| 17:13 | Build | Farm |
| 17:14 | Build | Farm |
| 17:14 | Build | Farm |
| 17:14 | Build | Farm |
| 17:14 | Build | Farm |
| 17:15 | Build | Farm |
| 17:20 | Create | Villager (Male) |
| 17:40 | Build | Farm |
| 17:40 | Build | Farm |
| 17:40 | Build | Farm |
| 17:41 | Build | Farm |
| 17:49 | Create | Villager (Male) |
| 18:18 | Create | Villager (Male) |
| 18:43 | Create | Villager (Male) |
| 18:57 | Build | Farm |
| 18:59 | Build | Farm |
| 19:09 | Create | Villager (Male) |
| 19:34 | Create | Villager (Male) |
| 19:45 | Build | Stone Wall |
| 19:50 | Create | Villager (Male) |
| 20:00 | Build | Mill |
| 20:03 | Build | Farm |
| 20:03 | Build | Farm |
| 20:03 | Build | Farm |
| 20:04 | Build | Farm |
| 20:04 | Build | Farm |
| 20:04 | Build | Farm |
| 20:04 | Build | Farm |
| 20:29 | Create | Villager (Male) |
| 20:38 | Build | Farm |
| 20:38 | Build | Farm |
| 20:46 | Create | Villager (Male) |
| 21:10 | Build | Stone Wall |
| 21:14 | Create | Villager (Male) |
| 21:25 | Create | Villager (Male) |
| 21:32 | Research | Bow Saw |
| 21:33 | Research | Bow Saw |
| 21:42 | Build | Lumber Camp |
| 21:53 | Build | Stone Wall |
| 21:54 | Build | Stone Wall |
| 21:56 | Build | Stone Wall |
| 21:57 | Build | Stone Wall |
| 22:09 | Build | House |
| 22:09 | Build | House |
| 22:11 | Build | House |
| 22:11 | Build | House |
| 22:14 | Create | Villager (Male) |
| 22:25 | Create | Villager (Male) |
| 22:32 | Research | Heavy Plow |
| 22:45 | Build | Farm |
| 23:07 | Create | Villager (Male) |
| 23:07 | Create | Villager (Male) |
| 23:34 | Build | Mill |
Build order — Hans the Waller
First 150 of 666 actions detected
| 0:00 | Create | Villager (Male) |
| 0:00 | Create | Villager (Male) |
| 0:01 | Create | Villager (Male) |
| 0:01 | Create | Villager (Male) |
| 0:02 | Build | House |
| 0:03 | Build | House |
| 0:43 | Build | Mill |
| 1:42 | Create | Villager (Male) |
| 1:42 | Create | Villager (Male) |
| 1:48 | Create | Villager (Male) |
| 1:49 | Create | Villager (Male) |
| 2:27 | Create | Villager (Male) |
| 2:27 | Create | Villager (Male) |
| 2:27 | Create | Villager (Male) |
| 2:55 | Create | Villager (Male) |
| 2:55 | Create | Villager (Male) |
| 3:31 | Create | Villager (Male) |
| 3:31 | Create | Villager (Male) |
| 3:49 | Build | House |
| 3:51 | Create | Villager (Male) |
| 3:51 | Create | Villager (Male) |
| 3:51 | Create | Villager (Male) |
| 3:55 | Create | Villager (Male) |
| 3:55 | Create | Villager (Male) |
| 4:00 | Create | Villager (Male) |
| 4:00 | Create | Villager (Male) |
| 4:14 | Create | Villager (Male) |
| 4:14 | Create | Villager (Male) |
| 4:56 | Create | Villager (Male) |
| 4:56 | Create | Villager (Male) |
| 4:57 | Create | Villager (Male) |
| 4:57 | Create | Villager (Male) |
| 5:07 | Create | Villager (Male) |
| 5:07 | Create | Villager (Male) |
| 5:28 | Create | Villager (Male) |
| 5:28 | Create | Villager (Male) |
| 6:24 | Build | House |
| 6:30 | Research | Loom |
| 7:13 | Build | House |
| 7:15 | Build | House |
| 7:35 | Create | Villager (Male) |
| 7:36 | Create | Villager (Male) |
| 7:36 | Create | Villager (Male) |
| 7:36 | Create | Villager (Male) |
| 7:37 | Create | Villager (Male) |
| 7:37 | Create | Villager (Male) |
| 7:37 | Create | Villager (Male) |
| 7:38 | Create | Villager (Male) |
| 7:38 | Create | Villager (Male) |
| 7:39 | Create | Villager (Male) |
| 7:40 | Create | Villager (Male) |
| 7:42 | Create | Villager (Male) |
| 7:42 | Create | Villager (Male) |
| 7:45 | Create | Villager (Male) |
| 7:46 | Create | Villager (Male) |
| 7:46 | Create | Villager (Male) |
| 7:50 | Build | Palisade Wall |
| 8:10 | Create | Villager (Male) |
| 8:10 | Create | Villager (Male) |
| 8:18 | Build | Mining Camp |
| 8:24 | Build | Palisade Wall |
| 8:46 | Research | Feudal Age |
| 9:02 | Build | Palisade Wall |
| 9:02 | Build | Palisade Wall |
| 9:17 | Build | Palisade Wall |
| 9:18 | Build | Palisade Wall |
| 9:23 | Build | House |
| 9:34 | Build | Palisade Wall |
| 10:00 | Build | Lumber Camp |
| 10:16 | Create | Villager (Male) |
| 10:16 | Create | Villager (Male) |
| 10:42 | Build | Palisade Wall |
| 10:45 | Build | Palisade Wall |
| 11:00 | Age | Feudal Age |
| 11:04 | Build | Palisade Wall |
| 11:12 | Build | Barracks |
| 11:16 | Build | Palisade Wall |
| 11:33 | Build | Palisade Wall |
| 11:34 | Build | Palisade Wall |
| 11:35 | Build | Palisade Wall |
| 11:44 | Build | Watch Tower |
| 11:44 | Create | Villager (Male) |
| 11:44 | Create | Villager (Male) |
| 11:44 | Create | Villager (Male) |
| 11:55 | Build | Palisade Wall |
| 12:16 | Build | Archery Range |
| 12:44 | Create | Villager (Male) |
| 12:50 | Build | Farm |
| 12:52 | Build | Farm |
| 13:09 | Build | Farm |
| 13:14 | Build | Farm |
| 13:19 | Create | Villager (Male) |
| 13:25 | Build | House |
| 13:43 | Build | Farm |
| 13:54 | Create | Villager (Male) |
| 14:19 | Create | Archer |
| 14:19 | Create | Archer |
| 14:21 | Create | Villager (Male) |
| 14:26 | Build | Farm |
| 14:46 | Create | Archer |
| 14:46 | Create | Archer |
| 15:01 | Build | Lumber Camp |
| 15:09 | Create | Villager (Male) |
| 15:09 | Create | Villager (Male) |
| 15:39 | Build | Blacksmith |
| 15:54 | Create | Villager (Male) |
| 16:20 | Research | Castle Age |
| 16:20 | Research | Castle Age |
| 16:30 | Build | Farm |
| 16:37 | Research | Fletching |
| 16:38 | Research | Fletching |
| 16:39 | Create | Archer |
| 16:39 | Create | Archer |
| 17:10 | Research | Double-Bit Axe |
| 17:10 | Research | Horse Collar |
| 18:17 | Build | Market |
| 18:28 | Create | Villager (Male) |
| 18:28 | Research | Wheelbarrow |
| 18:28 | Create | Villager (Male) |
| 19:00 | Age | Castle Age |
| 19:10 | Build | Siege Workshop |
| 19:17 | Create | Elephant Archer |
| 19:17 | Create | Elephant Archer |
| 19:19 | Create | Villager (Male) |
| 19:19 | Create | Villager (Male) |
| 19:22 | Build | House |
| 19:22 | Build | House |
| 19:23 | Build | House |
| 19:23 | Build | House |
| 19:50 | Create | Armored Elephant |
| 19:51 | Create | Armored Elephant |
| 19:56 | Build | Town Center |
| 19:59 | Create | Villager (Male) |
| 20:00 | Create | Villager (Male) |
| 20:06 | Build | Farm |
| 20:07 | Build | Farm |
| 20:11 | Research | Bow Saw |
| 20:12 | Research | Heavy Plow |
| 20:12 | Research | Heavy Plow |
| 20:28 | Build | Farm |
| 20:29 | Build | Farm |
| 20:29 | Create | Villager (Male) |
| 20:30 | Create | Villager (Male) |
| 20:32 | Build | Farm |
| 20:33 | Build | Farm |
| 20:36 | Build | Farm |
| 20:52 | Create | Armored Elephant |
| 20:53 | Create | Armored Elephant |
| 20:54 | Create | Villager (Male) |
| 20:54 | Create | Villager (Male) |
Build order — URU | Deo
First 150 of 451 actions detected
| 0:00 | Create | Villager (Male) |
| 0:01 | Create | Villager (Male) |
| 0:02 | Build | House |
| 0:02 | Build | House |
| 0:04 | Create | Villager (Male) |
| 0:07 | Create | Villager (Male) |
| 1:19 | Create | Villager (Male) |
| 1:45 | Build | Lumber Camp |
| 1:58 | Create | Villager (Male) |
| 1:58 | Create | Villager (Male) |
| 2:54 | Create | Villager (Male) |
| 3:14 | Create | Villager (Male) |
| 3:31 | Create | Villager (Male) |
| 3:44 | Build | House |
| 3:48 | Build | House |
| 4:03 | Create | Villager (Male) |
| 4:13 | Build | House |
| 4:33 | Create | Villager (Male) |
| 4:46 | Create | Villager (Male) |
| 5:27 | Create | Villager (Male) |
| 5:46 | Create | Villager (Male) |
| 5:52 | Build | Mill |
| 6:14 | Create | Villager (Male) |
| 6:45 | Research | Feudal Age |
| 8:13 | Build | Barracks |
| 8:26 | Build | Mining Camp |
| 8:33 | Research | Loom |
| 8:51 | Create | Villager (Male) |
| 8:54 | Research | Loom |
| 8:55 | Age | Feudal Age |
| 8:58 | Create | Villager (Male) |
| 9:22 | Create | Villager (Male) |
| 9:38 | Build | Blacksmith |
| 9:46 | Build | Palisade Wall |
| 9:47 | Build | Palisade Wall |
| 9:49 | Build | Palisade Wall |
| 9:55 | Build | Archery Range |
| 10:08 | Create | Villager (Male) |
| 10:25 | Research | Double-Bit Axe |
| 10:25 | Research | Double-Bit Axe |
| 10:37 | Create | Villager (Male) |
| 10:50 | Create | Archer |
| 10:53 | Build | House |
| 11:00 | Build | Palisade Wall |
| 11:02 | Create | Villager (Male) |
| 11:21 | Create | Archer |
| 11:29 | Create | Villager (Male) |
| 11:36 | Build | Archery Range |
| 11:36 | Create | Villager (Male) |
| 11:40 | Build | Palisade Wall |
| 11:51 | Create | Villager (Male) |
| 11:57 | Create | Villager (Male) |
| 12:06 | Create | Archer |
| 12:07 | Create | Archer |
| 12:27 | Build | Blacksmith |
| 12:32 | Create | Villager (Male) |
| 12:40 | Build | House |
| 12:52 | Create | Archer |
| 13:02 | Create | Archer |
| 13:02 | Create | Archer |
| 13:02 | Create | Archer |
| 13:16 | Create | Villager (Male) |
| 13:43 | Create | Villager (Male) |
| 13:44 | Create | Villager (Male) |
| 13:47 | Research | Horse Collar |
| 13:47 | Research | Horse Collar |
| 13:49 | Build | Farm |
| 13:51 | Build | Farm |
| 13:52 | Build | Farm |
| 13:54 | Create | Archer |
| 13:54 | Create | Archer |
| 13:55 | Create | Villager (Male) |
| 14:13 | Research | Fletching |
| 14:13 | Research | Fletching |
| 14:16 | Build | House |
| 14:36 | Create | Archer |
| 14:42 | Build | House |
| 14:48 | Build | Stone Wall |
| 14:52 | Build | Farm |
| 14:52 | Create | Villager (Male) |
| 15:34 | Build | Building 490 |
| 15:41 | Create | Villager (Male) |
| 15:57 | Build | Farm |
| 16:03 | Build | Farm |
| 16:16 | Create | Archer |
| 16:25 | Create | Villager (Male) |
| 16:25 | Create | Villager (Male) |
| 16:36 | Build | Farm |
| 16:43 | Build | Mining Camp |
| 16:45 | Create | Villager (Male) |
| 16:45 | Create | Villager (Male) |
| 17:01 | Create | Archer |
| 17:02 | Create | Villager (Male) |
| 17:22 | Build | House |
| 17:24 | Build | Market |
| 18:05 | Create | Villager (Male) |
| 18:08 | Build | Farm |
| 18:10 | Build | Farm |
| 18:37 | Create | Villager (Male) |
| 18:41 | Create | Villager (Male) |
| 19:02 | Build | Farm |
| 19:03 | Build | Farm |
| 19:05 | Build | Farm |
| 19:27 | Build | Farm |
| 19:28 | Build | Farm |
| 19:29 | Build | Farm |
| 19:30 | Build | Farm |
| 19:30 | Build | Farm |
| 19:41 | Create | Villager (Male) |
| 19:56 | Build | Farm |
| 19:57 | Build | Farm |
| 20:04 | Research | Castle Age |
| 20:19 | Build | Palisade Wall |
| 20:22 | Build | Palisade Wall |
| 20:23 | Build | Palisade Wall |
| 20:24 | Build | Palisade Wall |
| 22:44 | Age | Castle Age |
| 22:46 | Create | Villager (Male) |
| 22:47 | Create | Villager (Male) |
| 22:51 | Build | Town Center |
| 22:54 | Create | Villager (Male) |
| 22:57 | Research | Bow Saw |
| 22:57 | Research | Bow Saw |
| 23:18 | Research | Wheelbarrow |
| 23:18 | Research | Wheelbarrow |
| 23:21 | Build | House |
| 23:31 | Research | Bodkin Arrow |
| 23:41 | Create | Villager (Male) |
| 23:54 | Build | Town Center |
| 24:23 | Create | Villager (Male) |
| 24:23 | Create | Villager (Male) |
| 24:26 | Create | Villager (Male) |
| 24:54 | Create | Villager (Male) |
| 25:03 | Create | Villager (Male) |
| 25:08 | Create | Villager (Male) |
| 25:19 | Build | Farm |
| 25:26 | Build | Mining Camp |
| 25:35 | Create | Villager (Male) |
| 25:37 | Research | Gold Mining |
| 25:38 | Research | Gold Mining |
| 25:38 | Research | Stone Mining |
| 26:02 | Create | Villager (Male) |
| 26:02 | Create | Villager (Male) |
| 26:02 | Create | Villager (Male) |
| 26:07 | Create | Villager (Male) |
| 26:07 | Create | Villager (Male) |
| 26:08 | Create | Villager (Male) |
| 26:16 | Create | Villager (Male) |
| 26:19 | Build | Farm |
| 26:24 | Create | Villager (Male) |
Match timeline
| 4:14 | kingofarena · wall_segment Palisade Wall x14 |
| 4:38 | Me pica la próstata · first_building Barracks |
| 4:42 | __Assassin · wall_segment Palisade Wall x10 |
| 6:02 | lichu_pastore · wall_segment Palisade Wall x7 |
| 6:20 | kingofarena · wall_segment Palisade Wall x14 |
| 6:56 | Shush · first_building Donjon |
| 7:50 | Hans the Waller · wall_segment Palisade Wall x7 |
| 7:51 | [DAO] Encoded29 · wall_segment Palisade Wall x1 |
| 8:13 | URU | Deo · first_building Barracks |
| 8:21 | Shush · wall_segment Palisade Wall x1 |
| 8:24 | Hans the Waller · wall_segment Palisade Wall x1 |
| 8:55 | URU | Deo · age_up feudal |
| 9:02 | Hans the Waller · wall_segment Palisade Wall x1 |
| 9:02 | Hans the Waller · wall_segment Palisade Wall x1 |
| 9:17 | Hans the Waller · wall_segment Palisade Wall x1 |
| 9:18 | Hans the Waller · wall_segment Palisade Wall x1 |
| 9:20 | Shush · age_up feudal |
| 9:34 | Hans the Waller · wall_segment Palisade Wall x6 |
| 9:37 | Shush · wall_segment Palisade Wall x8 |
| 9:46 | URU | Deo · wall_segment Palisade Wall x1 |
| 9:47 | URU | Deo · wall_segment Palisade Wall x1 |
| 9:49 | URU | Deo · wall_segment Palisade Wall x2 |
| 9:55 | URU | Deo · first_building Archery Range |
| 10:31 | [DAO] Encoded29 · wall_segment Palisade Wall x1 |
| 10:31 | Me pica la próstata · age_up feudal |
| 10:31 | [DAO] Encoded29 · wall_segment Palisade Wall x1 |
| 10:32 | kingofarena · age_up feudal |
| 10:34 | lichu_pastore · age_up feudal |
| 10:39 | __Assassin · wall_segment Palisade Wall x1 |
| 10:42 | Hans the Waller · wall_segment Palisade Wall x1 |
| 10:45 | Hans the Waller · wall_segment Palisade Wall x1 |
| 11:00 | URU | Deo · wall_segment Palisade Wall x11 |
| 11:00 | Hans the Waller · age_up feudal |
| 11:04 | Hans the Waller · wall_segment Palisade Wall x1 |
| 11:12 | Hans the Waller · first_building Barracks |
| 11:16 | Hans the Waller · wall_segment Palisade Wall x1 |
| 11:27 | [DAO] Encoded29 · age_up feudal |
| 11:33 | Hans the Waller · wall_segment Palisade Wall x1 |
| 11:34 | Hans the Waller · wall_segment Palisade Wall x1 |
| 11:35 | Hans the Waller · wall_segment Palisade Wall x1 |
| 11:37 | lichu_pastore · wall_segment Stone Wall x8 |
| 11:40 | URU | Deo · wall_segment Palisade Wall x1 |
| 11:51 | lichu_pastore · wall_segment Stone Wall x5 |
| 11:55 | Hans the Waller · wall_segment Palisade Wall x1 |
| 11:59 | lichu_pastore · tribute_sent a jugador 1 |
| 11:59 | lichu_pastore · tribute_sent a jugador 2 |
| 11:59 | lichu_pastore · tribute_sent a jugador 3 |
| 11:59 | lichu_pastore · tribute_sent a jugador 4 |
| 11:59 | lichu_pastore · tribute_sent a jugador 6 |
| 11:59 | lichu_pastore · tribute_sent a jugador 7 |
| 11:59 | lichu_pastore · tribute_sent a jugador 8 |
| 12:16 | Hans the Waller · first_building Archery Range |
| 12:19 | lichu_pastore · wall_segment Stone Wall x1 |
| 12:33 | __Assassin · age_up feudal |
| 12:37 | Me pica la próstata · wall_segment Stone Wall x5 |
| 12:42 | Me pica la próstata · wall_segment Stone Wall x14 |
| 12:50 | Me pica la próstata · wall_segment Stone Wall x4 |
| 13:08 | lichu_pastore · wall_segment Stone Wall x3 |
| 13:11 | lichu_pastore · wall_segment Stone Wall x4 |
| 13:24 | Me pica la próstata · wall_segment Stone Wall x2 |
| 13:26 | Me pica la próstata · wall_segment Stone Wall x1 |
| 13:26 | Me pica la próstata · wall_segment Stone Wall x1 |
| 13:30 | __Assassin · wall_segment Stone Wall x1 |
| 13:42 | lichu_pastore · wall_segment Stone Wall x1 |
| 13:46 | kingofarena · first_building Barracks |
| 14:01 | Me pica la próstata · wall_segment Stone Wall x1 |
| 14:17 | kingofarena · first_market_buy 100 wood |
| 14:36 | lichu_pastore · wall_segment Stone Wall x5 |
| 14:39 | lichu_pastore · wall_segment Stone Wall x6 |
| 14:40 | lichu_pastore · wall_segment Stone Wall x1 |
| 14:41 | lichu_pastore · wall_segment Stone Wall x1 |
| 14:48 | URU | Deo · wall_segment Stone Wall x13 |
| 14:55 | __Assassin · first_building Barracks |
| 14:57 | [DAO] Encoded29 · wall_segment Palisade Wall x1 |
| 14:58 | lichu_pastore · tribute_sent a jugador 1 |
| 14:58 | lichu_pastore · tribute_sent a jugador 2 |
| 14:58 | lichu_pastore · tribute_sent a jugador 3 |
| 14:58 | lichu_pastore · tribute_sent a jugador 4 |
| 14:58 | lichu_pastore · tribute_sent a jugador 6 |
| 14:58 | lichu_pastore · tribute_sent a jugador 7 |
| 14:58 | lichu_pastore · tribute_sent a jugador 8 |
| 14:59 | [DAO] Encoded29 · wall_segment Palisade Wall x1 |
| 15:07 | kingofarena · age_up castle |
| 15:07 | [DAO] Encoded29 · wall_segment Palisade Wall x1 |
| 15:12 | kingofarena · first_building Siege Workshop |
| 15:17 | [DAO] Encoded29 · wall_segment Palisade Wall x1 |
| 15:37 | [DAO] Encoded29 · age_up castle |
| 15:54 | __Assassin · first_building Archery Range |
| 16:04 | __Assassin · age_up castle |
| 16:14 | lichu_pastore · tribute_sent a jugador 1 |
| 16:14 | lichu_pastore · tribute_sent a jugador 2 |
| 16:14 | lichu_pastore · tribute_sent a jugador 3 |
| 16:14 | lichu_pastore · tribute_sent a jugador 4 |
| 16:14 | lichu_pastore · tribute_sent a jugador 6 |
| 16:14 | lichu_pastore · tribute_sent a jugador 7 |
| 16:14 | lichu_pastore · tribute_sent a jugador 8 |
| 16:20 | Shush · first_building Barracks |
| 16:34 | [DAO] Encoded29 · first_building Siege Workshop |
| 16:37 | Me pica la próstata · wall_segment Stone Wall x1 |
| 17:26 | lichu_pastore · tribute_sent a jugador 1 |
| 17:26 | lichu_pastore · tribute_sent a jugador 2 |
| 17:26 | lichu_pastore · tribute_sent a jugador 3 |
| 17:26 | lichu_pastore · tribute_sent a jugador 4 |
| 17:26 | lichu_pastore · tribute_sent a jugador 6 |
| 17:26 | lichu_pastore · tribute_sent a jugador 7 |
| 17:26 | lichu_pastore · tribute_sent a jugador 8 |
| 18:25 | lichu_pastore · tribute_sent a jugador 1 |
| 18:25 | lichu_pastore · tribute_sent a jugador 2 |
| 18:25 | lichu_pastore · tribute_sent a jugador 3 |
| 18:25 | lichu_pastore · tribute_sent a jugador 4 |
| 18:25 | lichu_pastore · tribute_sent a jugador 6 |
| 18:25 | lichu_pastore · tribute_sent a jugador 7 |
| 18:25 | lichu_pastore · tribute_sent a jugador 8 |
| 18:32 | Shush · age_up castle |
| 19:00 | Hans the Waller · age_up castle |
| 19:08 | [DAO] Encoded29 · first_market_buy 100 food |
| 19:10 | Hans the Waller · first_building Siege Workshop |
| 19:18 | URU | Deo · first_market_buy 100 food |
| 19:20 | lichu_pastore · tribute_sent a jugador 1 |
| 19:20 | lichu_pastore · tribute_sent a jugador 2 |
| 19:20 | lichu_pastore · tribute_sent a jugador 3 |
| 19:20 | lichu_pastore · tribute_sent a jugador 4 |
| 19:20 | lichu_pastore · tribute_sent a jugador 6 |
| 19:20 | lichu_pastore · tribute_sent a jugador 7 |
| 19:20 | lichu_pastore · tribute_sent a jugador 8 |
| 19:45 | lichu_pastore · wall_segment Stone Wall x7 |
| 19:50 | URU | Deo · first_market_sell 100 wood |
| 19:56 | __Assassin · first_market_buy 100 wood |
| 20:00 | __Assassin · first_building Stable |
| 20:11 | lichu_pastore · tribute_sent a jugador 1 |
| 20:11 | lichu_pastore · tribute_sent a jugador 2 |
| 20:11 | lichu_pastore · tribute_sent a jugador 3 |
| 20:11 | lichu_pastore · tribute_sent a jugador 4 |
| 20:11 | lichu_pastore · tribute_sent a jugador 6 |
| 20:11 | lichu_pastore · tribute_sent a jugador 7 |
| 20:11 | lichu_pastore · tribute_sent a jugador 8 |
| 20:19 | URU | Deo · wall_segment Palisade Wall x1 |
| 20:22 | URU | Deo · wall_segment Palisade Wall x1 |
| 20:23 | URU | Deo · wall_segment Palisade Wall x1 |
| 20:24 | URU | Deo · wall_segment Palisade Wall x1 |
| 20:46 | Shush · wall_segment Stone Wall x1 |
| 20:51 | Hans the Waller · first_market_buy 100 food |
| 20:53 | lichu_pastore · tribute_sent a jugador 1 |
| 20:53 | lichu_pastore · tribute_sent a jugador 2 |
| 20:53 | lichu_pastore · tribute_sent a jugador 3 |
| 20:53 | lichu_pastore · tribute_sent a jugador 4 |
| 20:53 | lichu_pastore · tribute_sent a jugador 6 |
| 20:53 | lichu_pastore · tribute_sent a jugador 7 |
| 20:53 | lichu_pastore · tribute_sent a jugador 8 |
| 21:10 | lichu_pastore · wall_segment Stone Wall x1 |
| 21:53 | lichu_pastore · wall_segment Stone Wall x1 |
| 21:54 | lichu_pastore · wall_segment Stone Wall x1 |
| 21:56 | lichu_pastore · wall_segment Stone Wall x1 |
| 21:57 | lichu_pastore · wall_segment Stone Wall x1 |
| 22:21 | lichu_pastore · tribute_sent a jugador 1 |
| 22:21 | lichu_pastore · tribute_sent a jugador 2 |
| 22:21 | lichu_pastore · tribute_sent a jugador 3 |
| 22:21 | lichu_pastore · tribute_sent a jugador 4 |
| 22:21 | lichu_pastore · tribute_sent a jugador 6 |
| 22:21 | lichu_pastore · tribute_sent a jugador 7 |
| 22:21 | lichu_pastore · tribute_sent a jugador 8 |
| 22:27 | Hans the Waller · first_market_sell 100 wood |
| 22:44 | URU | Deo · age_up castle |
| 22:45 | __Assassin · first_building Castle |
| 22:49 | Me pica la próstata · wall_segment Stone Wall x6 |
| 22:59 | Me pica la próstata · wall_segment Stone Wall x5 |
| 23:20 | lichu_pastore · tribute_sent a jugador 1 |
| 23:20 | lichu_pastore · tribute_sent a jugador 2 |
| 23:20 | lichu_pastore · tribute_sent a jugador 3 |
| 23:20 | lichu_pastore · tribute_sent a jugador 4 |
| 23:20 | lichu_pastore · tribute_sent a jugador 6 |
| 23:20 | lichu_pastore · tribute_sent a jugador 7 |
| 23:20 | lichu_pastore · tribute_sent a jugador 8 |
| 23:22 | Shush · wall_segment Stone Wall x8 |
| 23:22 | [DAO] Encoded29 · first_market_sell 100 wood |
| 23:40 | Me pica la próstata · first_building Stable |
| 23:50 | kingofarena · first_market_sell 100 food |
| 23:57 | lichu_pastore · tribute_sent a jugador 1 |
| 23:57 | lichu_pastore · tribute_sent a jugador 2 |
| 23:57 | lichu_pastore · tribute_sent a jugador 3 |
| 23:57 | lichu_pastore · tribute_sent a jugador 4 |
| 23:57 | lichu_pastore · tribute_sent a jugador 6 |
| 23:57 | lichu_pastore · tribute_sent a jugador 7 |
| 23:57 | lichu_pastore · tribute_sent a jugador 8 |
| 24:05 | Me pica la próstata · wall_segment Stone Wall x1 |
| 24:18 | Me pica la próstata · age_up castle |
| 24:20 | Me pica la próstata · first_building Siege Workshop |
| 24:27 | lichu_pastore · tribute_sent a jugador 1 |
| 24:27 | lichu_pastore · tribute_sent a jugador 2 |
| 24:27 | lichu_pastore · tribute_sent a jugador 3 |
| 24:27 | lichu_pastore · tribute_sent a jugador 4 |
| 24:27 | lichu_pastore · tribute_sent a jugador 6 |
| 24:27 | lichu_pastore · tribute_sent a jugador 7 |
| 24:27 | lichu_pastore · tribute_sent a jugador 8 |
| 24:28 | Me pica la próstata · wall_segment Stone Wall x2 |
| 24:45 | Me pica la próstata · first_building Monastery |
| 25:32 | lichu_pastore · tribute_sent a jugador 1 |
| 25:32 | lichu_pastore · tribute_sent a jugador 2 |
| 25:32 | lichu_pastore · tribute_sent a jugador 3 |
| 25:32 | lichu_pastore · tribute_sent a jugador 4 |
| 25:32 | lichu_pastore · tribute_sent a jugador 6 |
| 25:32 | lichu_pastore · tribute_sent a jugador 7 |
| 25:32 | lichu_pastore · tribute_sent a jugador 8 |
| 25:37 | __Assassin · first_market_sell 100 wood |
| 26:26 | lichu_pastore · tribute_sent a jugador 1 |
| 26:26 | lichu_pastore · tribute_sent a jugador 2 |
| 26:26 | lichu_pastore · tribute_sent a jugador 3 |
| 26:26 | lichu_pastore · tribute_sent a jugador 4 |
| 26:26 | lichu_pastore · tribute_sent a jugador 6 |
| 26:26 | lichu_pastore · tribute_sent a jugador 7 |
| 26:26 | lichu_pastore · tribute_sent a jugador 8 |
| 27:08 | Shush · first_building Stable |
| 27:19 | lichu_pastore · tribute_sent a jugador 1 |
| 27:19 | lichu_pastore · tribute_sent a jugador 2 |
| 27:19 | lichu_pastore · tribute_sent a jugador 3 |
| 27:19 | lichu_pastore · tribute_sent a jugador 4 |
| 27:19 | lichu_pastore · tribute_sent a jugador 6 |
| 27:19 | lichu_pastore · tribute_sent a jugador 7 |
| 27:19 | lichu_pastore · tribute_sent a jugador 8 |
| 27:26 | URU | Deo · first_building Castle |
| 27:34 | __Assassin · first_building Siege Workshop |
| 27:36 | [DAO] Encoded29 · first_building Castle |
| 27:51 | Me pica la próstata · wall_segment Stone Wall x1 |
| 27:52 | [DAO] Encoded29 · first_building Monastery |
| 28:36 | lichu_pastore · tribute_sent a jugador 1 |
| 28:36 | lichu_pastore · tribute_sent a jugador 2 |
| 28:36 | lichu_pastore · tribute_sent a jugador 3 |
| 28:36 | lichu_pastore · tribute_sent a jugador 4 |
| 28:36 | lichu_pastore · tribute_sent a jugador 6 |
| 28:36 | lichu_pastore · tribute_sent a jugador 7 |
| 28:36 | lichu_pastore · tribute_sent a jugador 8 |
| 28:37 | Shush · first_market_buy 100 wood |
| 29:05 | kingofarena · wall_segment Stone Wall x6 |
| 29:08 | kingofarena · wall_segment Stone Wall x5 |
| 29:12 | kingofarena · wall_segment Stone Wall x4 |
| 29:34 | Shush · wall_segment Stone Wall x1 |
| 29:36 | Shush · wall_segment Stone Wall x1 |
| 29:50 | lichu_pastore · tribute_sent a jugador 1 |
| 29:50 | lichu_pastore · tribute_sent a jugador 2 |
| 29:50 | lichu_pastore · tribute_sent a jugador 3 |
| 29:50 | lichu_pastore · tribute_sent a jugador 4 |
| 29:50 | lichu_pastore · tribute_sent a jugador 6 |
| 29:50 | lichu_pastore · tribute_sent a jugador 7 |
| 29:50 | lichu_pastore · tribute_sent a jugador 8 |
| 30:07 | URU | Deo · first_building Siege Workshop |
| 30:10 | kingofarena · wall_segment Stone Wall x1 |
| 30:10 | Shush · first_building Castle |
| 31:12 | [DAO] Encoded29 · wall_segment Stone Wall x1 |
| 31:17 | [DAO] Encoded29 · wall_segment Stone Wall x1 |
| 31:17 | lichu_pastore · tribute_sent a jugador 1 |
| 31:17 | lichu_pastore · tribute_sent a jugador 2 |
| 31:17 | lichu_pastore · tribute_sent a jugador 3 |
| 31:17 | lichu_pastore · tribute_sent a jugador 4 |
| 31:17 | lichu_pastore · tribute_sent a jugador 6 |
| 31:17 | lichu_pastore · tribute_sent a jugador 7 |
| 31:17 | lichu_pastore · tribute_sent a jugador 8 |
| 31:58 | kingofarena · age_up imperial |
| 32:07 | lichu_pastore · tribute_sent a jugador 1 |
| 32:07 | lichu_pastore · tribute_sent a jugador 2 |
| 32:07 | lichu_pastore · tribute_sent a jugador 3 |
| 32:07 | lichu_pastore · tribute_sent a jugador 4 |
| 32:07 | lichu_pastore · tribute_sent a jugador 6 |
| 32:07 | lichu_pastore · tribute_sent a jugador 7 |
| 32:07 | lichu_pastore · tribute_sent a jugador 8 |
| 32:46 | URU | Deo · age_up imperial |
| 32:57 | lichu_pastore · wall_segment Stone Wall x1 |
| 33:15 | [DAO] Encoded29 · age_up imperial |
| 33:15 | Hans the Waller · first_building Stable |
| 33:40 | lichu_pastore · tribute_sent a jugador 1 |
| 33:40 | lichu_pastore · tribute_sent a jugador 2 |
| 33:40 | lichu_pastore · tribute_sent a jugador 3 |
| 33:40 | lichu_pastore · tribute_sent a jugador 4 |
| 33:40 | lichu_pastore · tribute_sent a jugador 6 |
| 33:40 | lichu_pastore · tribute_sent a jugador 7 |
| 33:40 | lichu_pastore · tribute_sent a jugador 8 |
| 34:36 | lichu_pastore · tribute_sent a jugador 1 |
| 34:36 | lichu_pastore · tribute_sent a jugador 2 |
| 34:36 | lichu_pastore · tribute_sent a jugador 3 |
| 34:36 | lichu_pastore · tribute_sent a jugador 4 |
| 34:36 | lichu_pastore · tribute_sent a jugador 6 |
| 34:36 | lichu_pastore · tribute_sent a jugador 7 |
| 34:36 | lichu_pastore · tribute_sent a jugador 8 |
| 34:42 | lichu_pastore · tribute_sent a jugador 1 |
| 34:42 | lichu_pastore · tribute_sent a jugador 2 |
| 34:42 | lichu_pastore · tribute_sent a jugador 3 |
| 34:42 | lichu_pastore · tribute_sent a jugador 4 |
| 34:42 | lichu_pastore · tribute_sent a jugador 6 |
| 34:42 | lichu_pastore · tribute_sent a jugador 7 |
| 34:42 | lichu_pastore · tribute_sent a jugador 8 |
| 34:48 | Hans the Waller · age_up imperial |
| 35:48 | lichu_pastore · tribute_sent a jugador 1 |
| 35:48 | lichu_pastore · tribute_sent a jugador 2 |
| 35:48 | lichu_pastore · tribute_sent a jugador 3 |
| 35:48 | lichu_pastore · tribute_sent a jugador 4 |
| 35:48 | lichu_pastore · tribute_sent a jugador 6 |
| 35:48 | lichu_pastore · tribute_sent a jugador 7 |
| 35:48 | lichu_pastore · tribute_sent a jugador 8 |
| 36:17 | kingofarena · first_building Castle |
| 36:38 | lichu_pastore · tribute_sent a jugador 1 |
| 36:38 | lichu_pastore · tribute_sent a jugador 2 |
| 36:38 | lichu_pastore · tribute_sent a jugador 3 |
| 36:38 | lichu_pastore · tribute_sent a jugador 4 |
| 36:38 | lichu_pastore · tribute_sent a jugador 6 |
| 36:38 | lichu_pastore · tribute_sent a jugador 7 |
| 36:38 | lichu_pastore · tribute_sent a jugador 8 |
| 36:46 | [DAO] Encoded29 · first_building Barracks |
| 37:20 | lichu_pastore · tribute_sent a jugador 1 |
| 37:20 | lichu_pastore · tribute_sent a jugador 2 |
| 37:20 | lichu_pastore · tribute_sent a jugador 3 |
| 37:20 | lichu_pastore · tribute_sent a jugador 4 |
| 37:20 | lichu_pastore · tribute_sent a jugador 6 |
| 37:20 | lichu_pastore · tribute_sent a jugador 7 |
| 37:20 | lichu_pastore · tribute_sent a jugador 8 |
| 38:13 | kingofarena · wall_segment Stone Wall x1 |
| 38:15 | kingofarena · wall_segment Stone Wall x1 |
| 38:15 | Hans the Waller · first_building Monastery |
| 38:16 | kingofarena · wall_segment Stone Wall x1 |
| 38:20 | lichu_pastore · tribute_sent a jugador 1 |
| 38:20 | lichu_pastore · tribute_sent a jugador 2 |
| 38:20 | lichu_pastore · tribute_sent a jugador 3 |
| 38:20 | lichu_pastore · tribute_sent a jugador 4 |
| 38:20 | lichu_pastore · tribute_sent a jugador 6 |
| 38:20 | lichu_pastore · tribute_sent a jugador 7 |
| 38:20 | lichu_pastore · tribute_sent a jugador 8 |
| 38:29 | Hans the Waller · first_building Castle |
| 38:40 | [DAO] Encoded29 · first_building Archery Range |
| 38:47 | lichu_pastore · tribute_sent a jugador 1 |
| 38:47 | lichu_pastore · tribute_sent a jugador 2 |
| 38:47 | lichu_pastore · tribute_sent a jugador 3 |
| 38:47 | lichu_pastore · tribute_sent a jugador 4 |
| 38:47 | lichu_pastore · tribute_sent a jugador 6 |
| 38:47 | lichu_pastore · tribute_sent a jugador 7 |
| 38:47 | lichu_pastore · tribute_sent a jugador 8 |
| 39:19 | __Assassin · age_up imperial |
| 39:29 | lichu_pastore · tribute_sent a jugador 1 |
| 39:29 | lichu_pastore · tribute_sent a jugador 2 |
| 39:29 | lichu_pastore · tribute_sent a jugador 3 |
| 39:29 | lichu_pastore · tribute_sent a jugador 4 |
| 39:29 | lichu_pastore · tribute_sent a jugador 6 |
| 39:29 | lichu_pastore · tribute_sent a jugador 7 |
| 39:29 | lichu_pastore · tribute_sent a jugador 8 |
| 40:20 | URU | Deo · wall_segment Stone Wall x9 |
| 40:26 | URU | Deo · wall_segment Stone Wall x7 |
| 40:48 | lichu_pastore · tribute_sent a jugador 1 |
| 40:48 | lichu_pastore · tribute_sent a jugador 2 |
| 40:48 | lichu_pastore · tribute_sent a jugador 3 |
| 40:48 | lichu_pastore · tribute_sent a jugador 4 |
| 40:48 | lichu_pastore · tribute_sent a jugador 6 |
| 40:48 | lichu_pastore · tribute_sent a jugador 7 |
| 40:48 | lichu_pastore · tribute_sent a jugador 8 |
| 41:39 | lichu_pastore · tribute_sent a jugador 1 |
| 41:39 | lichu_pastore · tribute_sent a jugador 2 |
| 41:39 | lichu_pastore · tribute_sent a jugador 3 |
| 41:39 | lichu_pastore · tribute_sent a jugador 4 |
| 41:39 | lichu_pastore · tribute_sent a jugador 6 |
| 41:39 | lichu_pastore · tribute_sent a jugador 7 |
| 41:39 | lichu_pastore · tribute_sent a jugador 8 |
| 42:46 | lichu_pastore · first_market_sell 500 wood |
| 42:48 | lichu_pastore · first_market_buy 100 stone |
| 43:01 | Shush · wall_segment Stone Wall x12 |
| 43:01 | Shush · wall_segment Stone Wall x5 |
| 43:04 | lichu_pastore · age_up castle |
| 43:19 | lichu_pastore · tribute_sent a jugador 1 |
| 43:19 | lichu_pastore · tribute_sent a jugador 2 |
| 43:19 | lichu_pastore · tribute_sent a jugador 3 |
| 43:19 | lichu_pastore · tribute_sent a jugador 4 |
| 43:19 | lichu_pastore · tribute_sent a jugador 6 |
| 43:19 | lichu_pastore · tribute_sent a jugador 7 |
| 43:19 | lichu_pastore · tribute_sent a jugador 8 |
| 44:39 | lichu_pastore · tribute_sent a jugador 1 |
| 44:39 | lichu_pastore · tribute_sent a jugador 2 |
| 44:39 | lichu_pastore · tribute_sent a jugador 3 |
| 44:39 | lichu_pastore · tribute_sent a jugador 4 |
| 44:39 | lichu_pastore · tribute_sent a jugador 6 |
| 44:39 | lichu_pastore · tribute_sent a jugador 7 |
| 44:39 | lichu_pastore · tribute_sent a jugador 8 |
| 44:43 | Hans the Waller · tribute_sent a jugador 1 |
| 44:43 | Hans the Waller · tribute_sent a jugador 2 |
| 44:43 | Hans the Waller · tribute_sent a jugador 3 |
| 44:43 | Hans the Waller · tribute_sent a jugador 4 |
| 44:43 | Hans the Waller · tribute_sent a jugador 5 |
| 44:43 | Hans the Waller · tribute_sent a jugador 7 |
| 44:43 | Hans the Waller · tribute_sent a jugador 8 |
| 44:58 | Shush · wall_segment Stone Wall x4 |
| 45:37 | Hans the Waller · tribute_sent a jugador 1 |
| 45:37 | Hans the Waller · tribute_sent a jugador 2 |
| 45:37 | Hans the Waller · tribute_sent a jugador 3 |
| 45:37 | Hans the Waller · tribute_sent a jugador 4 |
| 45:37 | Hans the Waller · tribute_sent a jugador 5 |
| 45:37 | Hans the Waller · tribute_sent a jugador 7 |
| 45:37 | Hans the Waller · tribute_sent a jugador 8 |
| 45:52 | kingofarena · resign |
[ AI ANALYSIS · 1 CREDIT ]
What really happened in this match?
Wolo.gg analyzes every decision: build order, eco, micro, common mistakes by bracket. Personalized analysis on WhatsApp or Discord in 30 seconds.
Civ guide
Vietnamese
Perfil
Jugador #9120436